 Dungeon Crawl Stone Soup version 0.27-a0-1277-g3808f8b1c9 (webtiles) character file.

Game seed: 11663559814364424145

133 Gargoyl the Skirmisher (level 5, -10/38 (47) HPs)
             Began as a Gnoll Abyssal Knight on June 12, 2021.
             Was a Believer of Lugonu.
             Mangled by a wight (13 damage)
             ... on level 4 of the Dungeon.
             The game lasted 00:05:36 (3719 turns).

Gargoyl the Skirmisher (Gnoll Abyssal Knight)       Turns: 3719, Time: 00:05:37

HP:   -10/38 (47)   AC: 10    Str: 10    XL:     5   Next: 16%
MP:   8/8           EV:  0    Int: 29    God:    Lugonu [**....]
Gold: 65            SH: 12    Dex: 11    Spells: 6/6 levels left

rFire    . . .     SeeInvis .   a - +1 hand axe
rCold    . . .     Faith    +   h - +2 tower shield
rNeg     . . .     Spirit   .   b - +0 chain mail
rPois    +         Reflect  .   e - +0 helmet
rElec    .         Harm     .   (no cloak)
rCorr    .         Rampage  .   (no gloves)
Will     .....                  (no boots)
Stlth    ..........             c - amulet of Kier {Faith Drain rPois Int+9 Stlth-}
HPRegen  1.12/turn              g - +6 ring of intelligence
MPRegen  0.11/turn              (no ring)

@: flying, hasted, heavily drained, very quick
A: fangs 1, strong nose, distributed training, clever 1, regeneration 1, weak 1,
evolution 1
a: Renounce Religion, Depart the Abyss, Bend Space


You were on level 4 of the Dungeon.
You worshipped Lugonu.
Lugonu was pleased with you.
You visited 1 branch of the dungeon, and saw 4 of its levels.
You visited the Abyss 1 time.

You collected 120 gold pieces.
You spent 55 gold pieces at shops.

Inventory:

Hand Weapons
 a - a +1 hand axe (weapon)
Missiles
 d - 7 boomerangs (quivered)
 f - 2 throwing nets
Armour
 b - a +0 chain mail (worn)
 e - a +0 helmet (worn)
 h - a +2 tower shield (worn)
Jewellery
 c - the amulet of Kier (around neck) {Faith Drain rPois Int+9 Stlth-}
   (You found it on level 2 of the Abyss)

   [amulet of faith]

   It allows you to gain divine favour quickly.
   It affects your intelligence (+9).
   It protects you from poison.
   It drains your maximum health when unequipped.
   It makes you less stealthy.
 g - a +6 ring of intelligence (left hand)
Scrolls
 k - a scroll of identify
 l - a scroll of teleportation {unknown}


   Skills:
 + Level 6.6 Fighting
 + Level 1.4 Short Blades
 + Level 1.4 Long Blades
 + Level 4.7 Axes
 + Level 1.4 Maces & Flails
 + Level 1.4 Polearms
 + Level 1.4 Staves
 + Level 1.4 Slings
 + Level 1.4 Bows
 + Level 1.4 Crossbows
 + Level 1.4 Throwing
 + Level 4.7 Armour
 + Level 2.9 Dodging
 + Level 1.4 Stealth
 + Level 1.4 Shields
 + Level 1.4 Unarmed Combat
 + Level 1.4 Spellcasting
 + Level 1.1 Conjurations
 + Level 1.1 Hexes
 + Level 1.1 Summonings
 + Level 1.1 Necromancy
 + Level 1.1 Translocations
 + Level 1.1 Transmutations
 + Level 1.1 Fire Magic
 + Level 1.1 Ice Magic
 + Level 1.1 Air Magic
 + Level 1.1 Earth Magic
 + Level 1.1 Poison Magic
 + Level 4.8 Invocations
 + Level 1.4 Evocations


You had 6 spell levels left.
You didn't know any spells.
Your spell library contained the following spells:

 Spells                   Type           Power      Damage    Failure   Level
 Foxfire                  Conj/Fire      32%        2x1d5     100%        1
 Freeze                   Ice            32%        1d5       100%        1
 Conjure Flame            Conj/Fire      8%         6-21      100%        3
 Frozen Ramparts          Ice            16%        1d3       100%        3
 Inner Flame              Hex/Fire       8%         N/A       100%        3
 Ozocubu's Armour         Ice            8%         N/A       100%        3
 Hailstorm                Conj/Ice       8%         3d4       100%        4
 Sticky Flame             Conj/Fire      8%         2d3       100%        4
 Fireball                 Conj/Fire      4%         3d4       100%        5
 Metabolic Englaciation   Hex/Ice        4%         N/A       100%        5


Dungeon Overview and Level Annotations

Branches:
Dungeon (4/15)             Temple (0/1) D:4

Altars:
Trog

Shops:
D:2 !   D:3 *


Innate Abilities, Weirdness & Mutations

You have very sharp teeth.
Your uncanny sense of smell can sniff out nearby items.
Your experience applies equally to all skills.
Your mind is acute. (Int +2)
Your natural rate of healing is unusually fast.
You are weak. (Str -2)
You evolve.


Message History

Your shield and chain mail prevent you from hitting the quokka.
You block the quokka's attack. x2
You hit the quokka.
The quokka is severely wounded.
You block the quokka's attack. x2
You hit the quokka.
You kill the quokka!
Lugonu accepts your kill.
You see here a quokka corpse.
f - 2 throwing nets You open the door.
There is an open door here.
You open the door.
Found a pair of boots.
Okay, then.
It was a potion of flight.
You feel very buoyant.
You fly up into the air.
It was a potion of haste.
You feel yourself speed up.
You hit the wight.
The wight is lightly damaged.
You block the wight's attack.
You hit the wight.
The wight is heavily damaged.
The wight hits you with a +0 halberd.
You barely miss the wight.
The wight is heavily damaged.
The wight hits you with a +0 halberd!
You closely miss the wight. Your bite misses the wight.
The wight is heavily damaged.
The wight hits you but does no damage.
The wight hits you from afar with a +0 halberd.
The wight hits you from afar with a +3 trident!
You feel drained.
You hit the wight. Your bite misses the wight.
The wight is severely damaged.
The wight hits you with a +0 halberd!
* * * LOW HITPOINT WARNING * * *
You block the wight's attack. The wight hits you with a +0 halberd!
You die...

#.##########.# #............#
#.##########.# #.# #.#
..#.###'##########.########
...................#......#
...................#.#....##
...................#.#.....#
#+#...........@z...#.#.....+
#............†...#.#.....####
...#....#..z#.....#.#...^#....
....#....#...#.........#..#..#
...
#....'...+.....#.#.#.....#.
......#...#.....#.#....#..#.
..... '...+.................
.... ##...######............
... ....# #..........###


You could see 2 wights.

Vanquished Creatures
  An orc priest (D:3)
  2 adders (D:2)
  2 worms
  4 dart slugs
  7 orcs
  5 ball pythons
  7 bats
  7 endoplasms
  2 goblins (D:1)
  8 hobgoblins
  3 jackals (D:3)
  2 quokkas
  2 frilled lizards
  5 kobolds
  6 rats
63 creatures vanquished.

Notes
Turn   | Place    | Note
-------+----------+-------------------------------------------
     0 | Abyss:1  | Gargoyl the Gnoll Abyssal Knight began the quest for the
                  | Orb.
     0 | Abyss:1  | Reached XP level 1. HP: 23/23 MP: 3/3
     6 | Abyss:1  | Found a corrupted altar of Lugonu.
    46 | Abyss:2  | Identified the amulet of Kier {Faith Drain rPois Int+9
                  | Stlth-}
    57 | Abyss:2  | Noticed an efreet
    61 | D:1      | Escaped the Abyss
    96 | D:1      | Reached * piety under Lugonu
   292 | D:1      | Found a faded altar of an unknown god.
   343 | D:1      | Reached XP level 2. HP: 29/29 MP: 5/5
   861 | D:1      | Reached XP level 3. HP: 35/35 MP: 6/6
  1473 | D:2      | Gained mutation: Your body sometimes deteriorates upon
                  | taking damage. [potion of mutation]
  1473 | D:2      | Gained mutation: Your body often deteriorates upon taking
                  | damage. [potion of mutation]
  1473 | D:2      | Gained mutation: You evolve. [potion of mutation]
  1474 | D:2      | Lost mutation: Your body often deteriorates upon taking
                  | damage. [potion of mutation]
  1474 | D:2      | Lost mutation: Your body sometimes deteriorates upon taking
                  | damage. [potion of mutation]
  1474 | D:2      | Gained mutation: Your natural rate of healing is unusually
                  | fast. [potion of mutation]
  1474 | D:2      | Gained mutation: You are weak. (Str -2) [potion of
                  | mutation]
  1474 | D:2      | Gained mutation: Your mind is acute. (Int +2) [potion of
                  | mutation]
  1584 | D:2      | Reached ** piety under Lugonu
  1585 | D:2      | Reached skill level 1 in Short Blades
  1585 | D:2      | Reached skill level 1 in Long Blades
  1585 | D:2      | Reached skill level 1 in Maces & Flails
  1585 | D:2      | Reached skill level 1 in Polearms
  1585 | D:2      | Reached skill level 1 in Staves
  1585 | D:2      | Reached skill level 1 in Slings
  1585 | D:2      | Reached skill level 1 in Bows
  1585 | D:2      | Reached skill level 1 in Crossbows
  1585 | D:2      | Reached skill level 1 in Throwing
  1585 | D:2      | Reached skill level 1 in Stealth
  1585 | D:2      | Reached skill level 1 in Shields
  1585 | D:2      | Reached skill level 1 in Unarmed Combat
  1585 | D:2      | Reached skill level 1 in Spellcasting
  1585 | D:2      | Reached skill level 1 in Evocations
  1724 | D:2      | Reached XP level 4. HP: 39/41 MP: 7/7
  1734 | D:2      | Found a bloodstained altar of Trog.
  1910 | D:2      | Found Gukkeupt's Distillery.
  1915 | D:2      | Bought a potion of heal wounds for 55 gold pieces
  2516 | D:3      | Reached skill level 1 in Conjurations
  2516 | D:3      | Reached skill level 1 in Hexes
  2516 | D:3      | Reached skill level 1 in Summonings
  2516 | D:3      | Reached skill level 1 in Necromancy
  2516 | D:3      | Reached skill level 1 in Translocations
  2516 | D:3      | Reached skill level 1 in Transmutations
  2516 | D:3      | Reached skill level 1 in Fire Magic
  2516 | D:3      | Reached skill level 1 in Ice Magic
  2516 | D:3      | Reached skill level 1 in Air Magic
  2516 | D:3      | Reached skill level 1 in Earth Magic
  2516 | D:3      | Reached skill level 1 in Poison Magic
  2953 | D:3      | Reached XP level 5. HP: 32/47 MP: 8/8
  3073 | D:3      | Found Uwinihi's Assorted Antiques.
  3427 | D:4      | Found a staircase to the Ecumenical Temple.
  3719 | D:4      | Mangled by a wight

Illustrated notes

Levels and vault maps discovered:
D:1:      amcnicky_arrival_single_pillar, layout_loops_cross,
          basic_ecumenical_altar, kennysheep_boxes
D:2:      layout_basic, basic_altar, serial_shops, shop_statue
D:3:      layout_loops_corners, serial_shops, shop, lightli_corner_chamber
D:4:      layout_basic, minmay_temple_entry_crystal_x, minmay_mini_jars

Skill      XL: |  1  2  3  4 |
---------------+-------------+-----
Short Blades   | 1 |  1.4
Long Blades    | 1 |  1.4
Maces & Flails | 1 |  1.4
Polearms       | 1 |  1.4
Staves         | 1 |  1.4
Slings         | 1 |  1.4
Bows           | 1 |  1.4
Crossbows      | 1 |  1.4
Throwing       | 1 |  1.4
Stealth        | 1 |  1.4
Shields        | 1 |  1.4
Unarmed Combat | 1 |  1.4
Spellcasting   | 1 |  1.4
Evocations     | 1 |  1.4
Conjurations   | 1 |  1.1
Hexes          | 1 |  1.1
Summonings     | 1 |  1.1
Necromancy     | 1 |  1.1
Translocations | 1 |  1.1
Transmutations | 1 |  1.1
Fire Magic     | 1 |  1.1
Ice Magic      | 1 |  1.1
Air Magic      | 1 |  1.1
Earth Magic    | 1 |  1.1
Poison Magic   | 1 |  1.1
Fighting       | |  6.6
Axes           | |  4.7
Armour         | |  4.7
Dodging        | |  2.9
Invocations    | |  4.8

Action                   |  1- 3 |  4- 6 || total
-------------------------+-------+-------++-------
Melee: Hand axe          |   114 |   123 ||   237
       Bite              |     5 |     9 ||    14
Invok: Depart the Abyss  |     1 |       ||     1
  Use: Scroll            |     2 |     1 ||     3
       Potion            |     2 |     3 ||     5
Armor: Leather armour    |    54 |    10 ||    64
       Scale mail        |       |     6 ||     6
       Chain mail        |       |    28 ||    28
Dodge: Dodged            |    85 |     8 ||    93
Block: Tower shield      |    83 |   102 ||   185

Table legend: (Time is in decaauts)
 A = Elapsed time spent in this place.
 B = Non-inter-level travel time spent in this place.
 C = Inter-level travel time spent in this place.
 D = Time resting spent in this place.
 E = Time spent auto-exploring this place.
 F = Levels seen in this place.
 G = Mean time per level.
                   A        B        C        D        E       F      G
               +--------+--------+--------+--------+--------+-----+--------+
         Total |   3853 |   3742 |    111 |    206 |   2669 |   6 |  642.2 |
       Dungeon |   3792 |   3681 |    111 |    206 |   2627 |   4 |  948.0 |
         Abyss |     60 |     60 |      0 |      0 |     42 |   2 |   30.0 |
               +--------+--------+--------+--------+--------+-----+--------+

Top non-repeatable levels by time:
     D:1: 1452 daAuts
     D:3: 1043 daAuts
     D:2: 1025 daAuts
     D:4: 271 daAuts
 Abyss:2: 47 daAuts
 Abyss:1: 13 daAuts
